 Dungeon Crawl Stone Soup version 0.28-a0-796-gd4f0d3f9b2 (webtiles) character file.

Game seed: 3226559982349998966

73 Decritt the Chopper (level 4, -1/41 HPs)
             Began as a Minotaur Monk on Nov 6, 2021.
             Slain by an iguana (6 damage)
             ... on level 3 of the Dungeon.
             The game lasted 00:03:35 (1797 turns).

Decritt the Chopper (Minotaur Monk)                 Turns: 1797, Time: 00:03:36

Health: -1/41      AC:  6    Str: 17    XL:     4   Next: 8%
Magic:  3/3        EV: 12    Int:  7    God:
Gold:   43         SH:  0    Dex: 12    Spells: 3/3 levels left

rFire   . . .      SeeInvis .   a - +0 hand axe
rCold   . . .      Faith    .   (no shield)
rNeg    . . .      Spirit   .   c - +0 ring mail
rPois   .          Reflect  .   (helmet restricted)
rElec   .          Harm     .   (no cloak)
rCorr   .          Rampage  .   i - +0 pair of gloves
Will    .....                   (no boots)
Stlth   +.........              (no amulet)
HPRegen 0.13/turn               (no ring)
MPRegen 0.08/turn               (no ring)

@: no status effects
A: horns 2, retaliatory headbutt
a: no special abilities


You were on level 3 of the Dungeon.
You visited 1 branch of the dungeon, and saw 4 of its levels.

You collected 43 gold pieces.

Inventory:

Hand Weapons
 a - a +0 hand axe (weapon)
Missiles
 h - 43 stones
 n - 9 poisoned darts (quivered)
Armour
 b - a +0 robe
 c - a +0 ring mail (worn)
 i - a +0 pair of gloves (worn)
Wands
 p - a wand of digging (5)
Scrolls
 d - a scroll of noise {unknown}
 e - a scroll of magic mapping {unknown}
 j - 2 scrolls of vulnerability {unknown}
 l - a scroll of enchant weapon {unknown}
Potions
 f - a potion of heal wounds {unknown}
 g - a potion of brilliance {unknown}
 k - a potion of lignification {unknown}
 m - 2 potions of curing
 o - a potion of degeneration {unknown}


   Skills:
 + Level 4.3 Fighting
 + Level 4.3 Axes
 + Level 2.1 Armour
 + Level 3.9 Dodging
 - Level 1.5 Stealth


You had 3 spell levels left.
You didn't know any spells.
Your spell library contained the following spells:

 Spells                   Type           Power      Damage    Failure   Level
 Animate Skeleton         Necr           0%         N/A       63%         1
 Apportation              Tloc           0%         N/A       63%         1
 Summon Small Mammal      Summ           0%         N/A       63%         1


Dungeon Overview and Level Annotations

Branches:
Dungeon (4/15)
 Temple: D:4-7

Altars:
Sif Muna


Innate Abilities, Weirdness & Mutations

You have a pair of horns on your head.
You reflexively headbutt those who attack you in melee.


Message History

You hit the iguana.
The iguana is lightly wounded.
The iguana bites you. The adder closely misses you.
You closely miss the iguana. Your headbutt misses the iguana.
The iguana is lightly wounded.
You closely miss the adder. The adder bites you.
You are poisoned.
The adder poisons you! The iguana barely misses you.
You hit the iguana but do no damage. You headbutt the iguana.
The iguana is heavily wounded.
You hit the adder.
You feel sick. The adder bites you.
You are more poisoned.
The adder poisons you! The iguana bites you!
* * * LOW HITPOINT WARNING * * *
You hit the adder.
The adder is almost dead.
You hit the iguana but do no damage.
You feel sick. The adder bites you.
* * * LOW HITPOINT WARNING * * *
You are lethally poisoned!
The adder poisons you! The iguana barely misses you. You furiously retaliate!
You headbutt the iguana. The adder barely misses you.
You are too injured to fight recklessly!
You are too injured to fight recklessly!
Unknown command.
You are too injured to fight recklessly!
You slash the adder!
You kill the adder!
You hit the iguana.
* * * LOW HITPOINT WARNING * * *
You feel very sick. The iguana bites you.
* * * LOW HITPOINT WARNING * * *
You have reached level 4!
You feel stronger.
It was a potion of curing.
You feel better. The iguana bites you.
* * * LOW HITPOINT WARNING * * *
You hit the iguana.
The iguana is almost dead.
The iguana bites you.
You die...

####..†#..
###†#.. ##....
####.....
#....>.#.
#....####.
##########..##.
#.......... ..
#..@l...... ##
#....$$....
#..........
#..........
###########


You could see an iguana.

Vanquished Creatures
  3 adders
  2 dart slugs (D:2)
  8 bats
  An endoplasm (D:3)
  A giant cockroach (D:1)
  5 goblins
  6 hobgoblins
  2 quokkas (D:2)
  4 ball pythons
  A frilled lizard (D:2)
  9 rats
42 creatures vanquished.

Notes
Turn   | Place    | Note
-------+----------+-------------------------------------------
     0 | D:1      | Decritt the Minotaur Monk began the quest for the Orb.
     0 | D:1      | Reached XP level 1. HP: 19/19 MP: 0/0
   400 | D:1      | Reached XP level 2. HP: 24/27 MP: 1/1
   402 | D:1      | Reached skill level 1 in Armour
   942 | D:2      | Reached XP level 3. HP: 33/33 MP: 2/2
  1123 | D:2      | You fall into a shaft and drop 2 floors!
  1175 | D:3      | Found a shimmering blue altar of Sif Muna.
  1796 | D:3      | Reached XP level 4. HP: 4/41 MP: 3/3
  1797 | D:3      | Slain by an iguana

Illustrated notes

Levels and vault maps discovered:
D:1:      lightli_arrival_windingriver, layout_rooms, st_stairs_3,
          grunt_decor_fettered
D:2:      minmay_spotlight, layout_basic
D:3:      layout_rooms, old_standard_altar,
          hellmonk_ecumenical_altar_heavens_door, serial_shops,
          nicolae_lakefront_shop, gammafunk_ghost_grave, minivault_14,
          minmay_cupped, uniq_robin
D:4:      layout_loops_ring, gammafunk_temple_overflow_elements,
          jmf_multi_god_temple, portal_sewer_entry_d, uniq_natasha, uniq_edmund

Skill      XL: |  1  2  3 |
---------------+----------+-----
Armour         | 1 2 |  2.1
Axes           | 4 |  4.3
Fighting       | 4 |  4.3
Dodging        | |  3.9
Stealth        | |  1.5

Action                   |  1- 3 |  4- 6 || total
-------------------------+-------+-------++-------
Melee: Hand axe          |    63 |     1 ||    64
       Headbutt          |     9 |       ||     9
Throw: Stone             |    33 |       ||    33
       Dart              |    41 |       ||    41
  Use: Potion            |       |     1 ||     1
 Stab: Sleeping          |     1 |       ||     1
Armor: Ring mail         |    15 |       ||    15
Dodge: Dodged            |    40 |       ||    40

Table legend: (Time is in decaauts)
 A = Elapsed time spent in this place.
 B = Non-inter-level travel time spent in this place.
 C = Inter-level travel time spent in this place.
 D = Time resting spent in this place.
 E = Time spent auto-exploring this place.
 F = Levels seen in this place.
 G = Mean time per level.
                   A        B        C        D        E       F      G
               +--------+--------+--------+--------+--------+-----+--------+
         Total |   1808 |   1771 |     37 |      5 |   1435 |   4 |  452.0 |
       Dungeon |   1808 |   1771 |     37 |      5 |   1435 |   4 |  452.0 |
               +--------+--------+--------+--------+--------+-----+--------+

Top non-repeatable levels by time:
     D:2: 988 daAuts
     D:1: 757 daAuts
     D:3: 48 daAuts
     D:4: 14 daAuts
